TOP OF THE 1ST |
Ottawa Nationals batting - Pitching for Virginia Beach Deuces : RHP Miguel Álvarez
|
Pitching: RHP Miguel Álvarez
|
|
Batting: LHB Ken Stroud
|
0-0: Foul Ball, location: 2F 0-1: SINGLE (Groundball, 4) (infield hit)
|
Batting: RHB Duane Wills
|
0-0: Ball 1-0: Ground out 3-1 (Groundball, 34S) Ken Stroud to second
|
Batting: RHB Ron Bernard
|
0-0: Ball 1-0: Fly out, F9 (Flyball, 9LM)
|
Batting: LHB José Gómez
|
0-0: Called Strike 0-1: Ball 1-1: Ground out 6-3 (Groundball, 6D)
|
Top of the 1st over - 0 runs, 1 hit, 0 errors, 1 left on base; Ottawa 0 - Virginia Beach 0 |
BOTTOM OF THE 1ST |
Virginia Beach Deuces batting - Pitching for Ottawa Nationals : RHP Errol Lange
|
Pitching: RHP Errol Lange
|
|
Batting: SHB Leo Szilard
|
0-0: Foul Ball, location: 2F 0-1: Ball 1-1: Ground out 4-3 (Groundball, 4)
|
Batting: RHB Andrew Crosby
|
0-0: Ball 1-0: Swinging Strike 1-1: DOUBLE (Line Drive, 5D)
|
Batting: RHB Cam MacIntosh
|
0-0: Called Strike 0-1: Called Strike Andrew Crosby steals 3rd base 0-2: Ball 1-2: Ball 2-2: Ball 3-2: Base on Balls
|
Batting: LHB Atílio Mansilhas
|
0-0: Called Strike 0-1: Swinging Strike 0-2: Ball 1-2: Foul Ball, location: 2F 1-2: Foul Ball, location: 2F 1-2: Ball 2-2: Fly out, F7 (Flyball, 78M) Runner from 3rd tags up, SCORES, throw made
|
Batting: LHB Ramón Castro
|
0-0: Ball 1-0: Called Strike 1-1: Fielders Choice at 2nd, 5-4 (Groundball, 56)
|
Bottom of the 1st over - 1 run, 1 hit, 0 errors, 1 left on base; Ottawa 0 - Virginia Beach 1 |
TOP OF THE 2ND |
Ottawa Nationals batting - Pitching for Virginia Beach Deuces : RHP Miguel Álvarez
|
Batting: RHB Mike Jennings
|
0-0: Called Strike 0-1: Swinging Strike 0-2: Ball 1-2: SINGLE (Groundball, 6D)
|
Batting: RHB Juan Román
|
0-0: Called Strike 0-1: Ball 1-1: Foul Ball, location: 2F 1-2: Ball 2-2: Fly out, F4 (Line Drive, 4)
|
Batting: RHB Tomás Bermúdez
|
0-0: Ball 1-0: Ball 2-0: Called Strike 2-1: Foul Ball, location: 2F 2-2: Fly out, F8 (Line Drive, 8LD)
|
Batting: RHB Miguel González
|
0-0: Swinging Strike 0-1: Called Strike 0-2: Ball 1-2: Strikes out swinging
|
Top of the 2nd over - 0 runs, 1 hit, 0 errors, 1 left on base; Ottawa 0 - Virginia Beach 1 |
BOTTOM OF THE 2ND |
Virginia Beach Deuces batting - Pitching for Ottawa Nationals : RHP Errol Lange
|
Batting: RHB James Hill
|
0-0: Ball 1-0: Swinging Strike 1-1: Ball 2-1: Ball 3-1: SINGLE (Flyball, 8RS)
|
Batting: RHB Jody Lemoine
|
0-0: Called Strike 0-1: Foul Ball, location: 2F 0-2: Strikes out swinging
|
Batting: RHB Tevin McTevin
|
0-0: Called Strike 0-1: Fly out, F9 (Flyball, 89M)
|
Batting: SHB Stan St. John
|
0-0: Called Strike 0-1: Foul Ball, location: 2F 0-2: Ball 1-2: Ball 2-2: Fly out, F8 (Flyball, 8RXD)
|
Bottom of the 2nd over - 0 runs, 1 hit, 0 errors, 1 left on base; Ottawa 0 - Virginia Beach 1 |
TOP OF THE 3RD |
Ottawa Nationals batting - Pitching for Virginia Beach Deuces : RHP Miguel Álvarez
|
Batting: RHB Jorge Cortés
|
0-0: Called Strike 0-1: Ball 1-1: Ground out 3-1 (Groundball, 34S)
|
Batting: LHB Ken Stroud
|
0-0: Swinging Strike 0-1: Swinging Strike 0-2: Strikes out swinging
|
Batting: RHB Duane Wills
|
0-0: Foul Ball, location: 2F 0-1: Ball 1-1: Ball 2-1: Ball 3-1: Foul Ball, location: 2F 3-2: Strikes out swinging
|
Top of the 3rd over - 0 runs, 0 hits, 0 errors, 0 left on base; Ottawa 0 - Virginia Beach 1 |
BOTTOM OF THE 3RD |
Virginia Beach Deuces batting - Pitching for Ottawa Nationals : RHP Errol Lange
|
Batting: SHB Leo Szilard
|
0-0: Called Strike 0-1: Foul Ball, location: 2F 0-2: Ball 1-2: Ball 2-2: Ground out 6-3 (Groundball, 6)
|
Batting: RHB Andrew Crosby
|
0-0: Ball 1-0: Fly out, F9 (Flyball, 9S)
|
Batting: RHB Cam MacIntosh
|
0-0: Ball 1-0: SINGLE (Groundball, 34D)
|
Batting: LHB Atílio Mansilhas
|
0-0: Called Strike 0-1: Called Strike 0-2: Ball 1-2: Ball 2-2: Ground out U3 (Groundball, 34)
|
Bottom of the 3rd over - 0 runs, 1 hit, 0 errors, 1 left on base; Ottawa 0 - Virginia Beach 1 |
TOP OF THE 4TH |
Ottawa Nationals batting - Pitching for Virginia Beach Deuces : RHP Miguel Álvarez
|
Batting: RHB Ron Bernard
|
0-0: Called Strike 0-1: Ball 1-1: Ball 2-1: SINGLE (Groundball, 56D)
|
Batting: LHB José Gómez
|
0-0: Ball 1-0: Called Strike 1-1: Ball 2-1: Ball 3-1: Foul Ball, location: 2F 3-2: Base on Balls Ron Bernard to second
|
Batting: RHB Mike Jennings
|
0-0: Called Strike 0-1: Ball 1-1: Swinging Strike 1-2: Ball 2-2: Ball 3-2: Fly out, F9 (Line Drive, 9) Runner from 2nd tags up, SAFE at 3rd with throw
|
Batting: RHB Juan Román
|
0-0: Called Strike 0-1: Ball 1-1: Called Strike 1-2: Ball 2-2: Fly out, F6 (Line Drive, 6M)
|
Batting: RHB Tomás Bermúdez
|
0-0: SINGLE (Groundball, 6D) Ron Bernard scores José Gómez to second
|
Batting: RHB Miguel González
|
0-0: Ball 1-0: Called Strike 1-1: Ball 2-1: Foul Ball, location: 2F 2-2: Foul Ball, location: 2F 2-2: Fly out, F8 (Line Drive, 8LM)
|
Top of the 4th over - 1 run, 2 hits, 0 errors, 2 left on base; Ottawa 1 - Virginia Beach 1 |
BOTTOM OF THE 4TH |
Virginia Beach Deuces batting - Pitching for Ottawa Nationals : RHP Errol Lange
|
Batting: LHB Ramón Castro
|
0-0: Called Strike 0-1: Ground out 4-3 (Groundball, 4)
|
Batting: RHB James Hill
|
0-0: Ball 1-0: Ground out U3 (Groundball, 34S)
|
Batting: RHB Jody Lemoine
|
0-0: Ball 1-0: Foul Ball, location: 2F 1-1: Foul Ball, location: 2F 1-2: Ball 2-2: Strikes out swinging
|
Bottom of the 4th over - 0 runs, 0 hits, 0 errors, 0 left on base; Ottawa 1 - Virginia Beach 1 |
TOP OF THE 5TH |
Ottawa Nationals batting - Pitching for Virginia Beach Deuces : RHP Miguel Álvarez
|
Batting: RHB Jorge Cortés
|
0-0: Ball 1-0: Ground out 1-3 (Groundball, 13)
|
Batting: LHB Ken Stroud
|
0-0: Ball 1-0: Swinging Strike 1-1: DOUBLE (Line Drive, 9LM)
|
Batting: RHB Duane Wills
|
0-0: Ground out 4-3 (Groundball, 4MD) Ken Stroud to third
|
Batting: RHB Ron Bernard
|
0-0: Called Strike 0-1: Called Strike 0-2: Fly out, F9 (Flyball, 9S)
|
Top of the 5th over - 0 runs, 1 hit, 0 errors, 1 left on base; Ottawa 1 - Virginia Beach 1 |
BOTTOM OF THE 5TH |
Virginia Beach Deuces batting - Pitching for Ottawa Nationals : RHP Errol Lange
|
Batting: RHB Tevin McTevin
|
0-0: Ball 1-0: Swinging Strike 1-1: Ball 2-1: Ball 3-1: Base on Balls
|
Batting: SHB Stan St. John
|
0-0: Ball 1-0: Ball 2-0: Fielders Choice at 2nd, 4-6 (Groundball, 4)
|
Batting: SHB Leo Szilard
|
0-0: Ball 1-0: Called Strike 1-1: Called Strike 1-2: Ground out U3 (Groundball, 34) Stan St. John to second
|
Batting: RHB Andrew Crosby
|
0-0: SINGLE (Flyball, 89M) Stan St. John to third Runner from 3rd tries for Home, SAFE, no throw
|
Batting: RHB Cam MacIntosh
|
0-0: Fielders Choice at 2nd, 6-4 (Groundball, 6)
|
Bottom of the 5th over - 1 run, 1 hit, 0 errors, 1 left on base; Ottawa 1 - Virginia Beach 2 |
TOP OF THE 6TH |
Ottawa Nationals batting - Pitching for Virginia Beach Deuces : RHP Miguel Álvarez
|
Batting: LHB José Gómez
|
0-0: SINGLE (Line Drive, 8LS)
|
Batting: RHB Mike Jennings
|
0-0: Called Strike 0-1: Foul Ball, location: 2F 0-2: Ball 1-2: Foul Ball, location: 2F 1-2: Strikes out swinging
|
Batting: RHB Juan Román
|
0-0: Called Strike 0-1: SINGLE (Flyball, 9S) José Gómez to second Runner from 2nd tries for 3rd, SAFE, no throw
|
Batting: RHB Tomás Bermúdez
|
0-0: Swinging Strike 0-1: Ball 1-1: Fly out, F7 (Flyball, 7LM) Runner from 3rd tags up, SCORES, throw made
|
Batting: RHB Miguel González
|
0-0: Ball 1-0: Called Strike 1-1: Ball 2-1: Foul Ball, location: 2F 2-2: Ground out 4-3 (Groundball, 4)
|
Top of the 6th over - 1 run, 2 hits, 0 errors, 1 left on base; Ottawa 2 - Virginia Beach 2 |
BOTTOM OF THE 6TH |
Virginia Beach Deuces batting - Pitching for Ottawa Nationals : RHP Errol Lange
|
Batting: LHB Atílio Mansilhas
|
0-0: Ball 1-0: Ball 2-0: Foul Ball, location: 2F 2-1: SINGLE (Line Drive, 3D)
|
Batting: LHB Ramón Castro
|
0-0: Foul Ball, location: 2F 0-1: Called Strike 0-2: Strikes out swinging
|
Batting: RHB James Hill
|
0-0: Ball 1-0: Ball 2-0: Grounds into double play, 6-4-3 (Groundball, 6)
|
Bottom of the 6th over - 0 runs, 1 hit, 0 errors, 0 left on base; Ottawa 2 - Virginia Beach 2 |
TOP OF THE 7TH |
Ottawa Nationals batting - Pitching for Virginia Beach Deuces : RHP Miguel Álvarez
|
Pinch Hitting: LHB Carlos Cirilli
|
0-0: Called Strike 0-1: Foul Ball, location: 2F 0-2: Strikes out swinging
|
Batting: LHB Ken Stroud
|
0-0: Ball 1-0: Ball 2-0: Ball 3-0: Called Strike 3-1: Base on Balls
|
Batting: RHB Duane Wills
|
0-0: Ball 1-0: Called Strike 1-1: Foul Ball, location: 2F 1-2: Ground out 5-3 (Groundball, 5) Ken Stroud to second
|
Pitching: RHP Lindsay Novak
|
|
Batting: RHB Ron Bernard
|
0-0: Called Strike 0-1: Ball 1-1: Ball 2-1: Fly out, F5 (Popup, 5SF)
|
Top of the 7th over - 0 runs, 0 hits, 0 errors, 1 left on base; Ottawa 2 - Virginia Beach 2 |
BOTTOM OF THE 7TH |
Virginia Beach Deuces batting - Pitching for Ottawa Nationals : RHP Errol Lange
|
Now at 2B: Tristan Shanks
|
|
Batting: RHB Jody Lemoine
|
0-0: Ball 1-0: DOUBLE (Line Drive, 7LM)
|
Batting: RHB Tevin McTevin
|
0-0: Ball 1-0: Bunt missed! 1-1: Bunted foul 1-2: Foul Ball, location: 2F 1-2: Ground out 6-3 (Groundball, 6) Jody Lemoine to third
|
Batting: SHB Stan St. John
|
0-0: Ball 1-0: Ball 2-0: Ball 3-0: Called Strike 3-1: Swinging Strike 3-2: Strikes out swinging
|
Batting: SHB Leo Szilard
|
0-0: Called Strike 0-1: SINGLE (Line Drive, 34D) Jody Lemoine scores
|
Pitching: RHP Neal Davis
|
|
Batting: RHB Andrew Crosby
|
0-0: Called Strike 0-1: Ball 1-1: Ball 2-1: Called Strike 2-2: Ball 3-2: DOUBLE (Flyball, 8RXD) Leo Szilard to third Leo Szilard scores
|
Batting: RHB Cam MacIntosh
|
0-0: Swinging Strike 0-1: Called Strike 0-2: Ball 1-2: Ball 2-2: DOUBLE (Line Drive, 8RD) Andrew Crosby scores
|
Batting: LHB Atílio Mansilhas
|
0-0: Called Strike Balk! Cam MacIntosh to third 0-1: Called Strike 0-2: Ball 1-2: Ball 2-2: Ball 3-2: Foul Ball, location: 2F 3-2: SINGLE (Line Drive, 7S) Cam MacIntosh scores
|
Pitching: LHP Ken Clarke
|
|
Batting: LHB Ramón Castro
|
0-0: Ball 1-0: Swinging Strike 1-1: Swinging Strike 1-2: Ball Atílio Mansilhas steals 2nd base 2-2: Strikes out swinging
|
Bottom of the 7th over - 4 runs, 5 hits, 0 errors, 1 left on base; Ottawa 2 - Virginia Beach 6 |
TOP OF THE 8TH |
Ottawa Nationals batting - Pitching for Virginia Beach Deuces : RHP Lindsay Novak
|
Batting: LHB José Gómez
|
0-0: Called Strike 0-1: Ball 1-1: Ball 2-1: Ball 3-1: Swinging Strike 3-2: Fly out, F8 (Line Drive, 8LM)
|
Batting: RHB Mike Jennings
|
0-0: Ball 1-0: Called Strike 1-1: Ball 2-1: Foul Ball, location: 2F 2-2: Ball 3-2: Base on Balls
|
Batting: RHB Juan Román
|
0-0: Called Strike 0-1: Swinging Strike 0-2: Ball 1-2: Fielders Choice at 2nd, 1-6 (Groundball, 13)
|
Batting: RHB Tomás Bermúdez
|
0-0: Ball 1-0: Ball 2-0: Called Strike 2-1: Foul Ball, location: 2F 2-2: Ball 3-2: SINGLE (Groundball, 4MD) Juan Román to second Juan Román to third
|
Batting: RHB Miguel González
|
0-0: Ball 1-0: DOUBLE (Line Drive, 7LS) Juan Román scores Tomás Bermúdez to third
|
Batting: SHB Tristan Shanks
|
0-0: Ball 1-0: Called Strike 1-1: Foul Ball, location: 2F 1-2: Ball 2-2: Ground out 5-3 (Groundball, 5)
|
Top of the 8th over - 1 run, 2 hits, 0 errors, 2 left on base; Ottawa 3 - Virginia Beach 6 |
BOTTOM OF THE 8TH |
Virginia Beach Deuces batting - Pitching for Ottawa Nationals : LHP Ken Clarke
|
Batting: RHB James Hill
|
0-0: Foul Ball, location: 2F 0-1: DOUBLE (Line Drive, 89D)
|
Batting: RHB Jody Lemoine
|
0-0: Foul Ball, location: 2F 0-1: DOUBLE (Flyball, 8RD) James Hill scores
|
Batting: RHB Tevin McTevin
|
0-0: Intentional Walk
|
Batting: SHB Stan St. John
|
0-0: Ball 1-0: Foul Ball, location: 2F 1-1: Foul Ball, location: 2F 1-2: Ball 2-2: Grounds into double play, 6-4-3 (Groundball, 6) Jody Lemoine to third
|
Batting: SHB Leo Szilard
|
0-0: Ball 1-0: Ball 2-0: Called Strike 2-1: Ball 3-1: Called Strike 3-2: Base on Balls
|
Batting: RHB Andrew Crosby
|
0-0: Foul Ball, location: 2F 0-1: Ball 1-1: Ball 2-1: Called Strike 2-2: SINGLE (Groundball, 56) (infield hit) Jody Lemoine scores Leo Szilard to second
|
Pitching: LHP Rubén Ruíz
|
|
Batting: RHB Cam MacIntosh
|
0-0: Ball 1-0: Ball 2-0: Swinging Strike 2-1: Foul Ball, location: 2F 2-2: Ball 3-2: Strikes out swinging
|
Bottom of the 8th over - 2 runs, 3 hits, 0 errors, 2 left on base; Ottawa 3 - Virginia Beach 8 |
TOP OF THE 9TH |
Ottawa Nationals batting - Pitching for Virginia Beach Deuces : RHP Lindsay Novak
|
Now in RF: Félix González
|
|
Batting: LHB Ken Stroud
|
0-0: SINGLE (Groundball, 34D)
|
Batting: RHB Duane Wills
|
0-0: Called Strike 0-1: Foul Ball, location: 2F 0-2: Ball 1-2: Ball 2-2: Fly out, F5 (Popup, 56)
|
Batting: RHB Ron Bernard
|
0-0: Ball 1-0: Ball 2-0: Ball 3-0: Base on Balls Ken Stroud to second
|
Batting: LHB José Gómez
|
0-0: Ball 1-0: Ball 2-0: Fly out, F8 (Flyball, 8LM)
|
Batting: RHB Mike Jennings
|
0-0: Fly out, F8 (Flyball, 78S)
|
Top of the 9th over - 0 runs, 1 hit, 0 errors, 2 left on base; Ottawa 3 - Virginia Beach 8 |
|